 Dungeon Crawl Stone Soup version 0.30-a0-778-g2ef04afb54 (webtiles) character file.

Game seed: 9535523619313461637

14487 Ceno the Fighter (level 11, -4/90 HPs)
             Began as a Mummy Cinder Acolyte on Feb 17, 2023.
             Was an Initiate of Kikubaaqudgha.
             Slain by an elephant (12 damage)
             ... on level 2 of the Lair of Beasts.
             The game lasted 00:44:06 (18568 turns).

Ceno the Fighter (Mummy Cinder Acolyte)            Turns: 18568, Time: 00:44:06

Health: -4/90      AC: 16    Str: 18    XL:     11   Next: 89%
Magic:  1/17       EV: 13    Int: 19    God:    Kikubaaqudgha [......]
Gold:   575        SH:  0    Dex:  8    Spells: 16/18 levels left

rFire   x . .      SeeInvis +    r - +4 dire flail
rCold   + . .      Faith    +    (shield currently unavailable)
rNeg    + + +      Spirit   .    x - +0 acid dragon scales
rPois   ∞          Reflect  .    B - +1 helmet "Yna Nymm" {Int+3 SInv}
rElec   .          Harm     .    m - +2 ratskin cloak {*Rats rPois rN+ Str-1 Int-1 Dex+1}
rCorr   +          Rampage  +    l - +0 pair of gloves
Will    +....                    z - +0 pair of boots {rampage}
Stlth   ++                       (no amulet)
HPRegen 0.35/turn                w - ring of see invisible
MPRegen 0.15/turn                (no ring)

@: no status effects
A: cold resistance 1, negative energy resistance 3, torment resistance 2, heat
vulnerability 1, in touch with death 1, no potions, faith
a: Renounce Religion


You were on level 2 of the Lair of Beasts.
You worshipped Kikubaaqudgha.
Kikubaaqudgha was noncommittal.
You visited 3 branches of the dungeon, and saw 13 of its levels.
You also visited: Gauntlet.

You collected 575 gold pieces.

Inventory:

Hand Weapons
 r - a +4 dire flail (weapon)
Missiles
 j - 76 stones (quivered)
 v - 4 curare-tipped darts
Armour
 e - a +2 pair of boots
 l - a +0 pair of gloves (worn)
 m - the +2 ratskin cloak (worn) {*Rats rPois rN+ Str-1 Int-1 Dex+1}
   (You found it on level 6 of the Dungeon)

   *Rats:     When the wearer is hurt, rats may emerge from it to assist them.
   Str:       It affects your strength (-1).
   Int:       It affects your intelligence (-1).
   Dex:       It affects your dexterity (+1).
   rPois:     It protects you from poison.
   rN:        It protects you from negative energy.
 n - a +0 cloak
 x - +0 acid dragon scales (worn)
 z - a +0 pair of boots of rampaging (worn)
 B - the +1 helmet "Yna Nymm" (worn) {Int+3 SInv}
   (You found it in a Gauntlet)

   Int:       It affects your intelligence (+3).
   SInv:      It lets you see invisible.
 C - a +2 buckler
Magical Staves
 a - a staff of death
Jewellery
 w - a ring of see invisible (left hand)
Wands
 i - a wand of paralysis (18)
 s - a wand of flame (30)
 t - a wand of iceblast (9)
Scrolls
 b - 3 scrolls of poison
 c - 5 scrolls of teleportation
 d - 3 scrolls of amnesia
 f - 2 scrolls of fog
 g - 2 scrolls of fear
 h - a scroll of butterflies
 k - a scroll of silence
 o - a scroll of enchant weapon
 p - 2 scrolls of vulnerability
 q - a scroll of blinking
 u - a scroll of identify
 y - 2 scrolls of noise
Miscellaneous
 A - a piece from Xom's chessboard (15/15)


   Skills:
 + Level 9.8 Fighting
 + Level 8.9 Maces & Flails
 - Level 7.0 Armour
 - Level 7.0 Dodging
 - Level 3.0 Stealth
 - Level 4.4 Spellcasting
 - Level 5.0 Fire Magic


You had 16 spell levels left.
You knew the following spells:

 Your Spells              Type           Power      Damage    Failure   Level
a - Scorch                Fire           46%        2d7       3%          2

Your spell library contained the following spells:

 Spells                   Type           Power      Damage    Failure   Level
 Apportation              Tloc           8%         N/A       17%         1
 Necrotise                Necr           24%        1d5       17%         1
 Ignite Poison            Fire/Tmut/Pois 10%        N/A       26%         3
 Gell's Gravitas          Tloc           4%         N/A       45%         3
 Ozocubu's Armour         Ice            4%         N/A       45%         3
 Teleport Other           Tloc           4%         N/A       45%         3
 Vampiric Draining        Necr           6%         2d6       45%         3
 Sticky Flame             Conj/Fire      13%        2d4       52%         4
 Agony                    Necr           6%         N/A       99%         5
 Alistair's Intoxication  Tmut/Pois      2%         N/A       99%         5
 Summon Forest            Summ/Tloc      2%         N/A       99%         5
 Dispersal                Tloc           2%         N/A       100%        6
 Eringya's Noxious Bog    Tmut/Pois      2%         N/A       100%        6
 Ozocubu's Refrigeration  Ice            2%         4d7       100%        7
 Summon Hydra             Summ           2%         N/A       100%        7
 Ignition                 Fire           11%        3d5       100%        8


Dungeon Overview and Level Annotations

Branches:
Dungeon (10/15)            Temple (1/1) D:6            Lair (2/5) D:8
    Orc (0/2) D:10        Gauntlet (visited)
  Swamp: Lair:2-3    Shoals: Lair:2-3     Snake: Lair:2-3    Spider: Lair:2-3

Altars:
Ashenzari
Cheibriados
Dithmenos
Fedhas
Gozag
Hepliaklqana
Kikubaaqudgha
Makhleb
Nemelex Xobeh
Okawaru
Qazlal
Ru
Sif Muna
Trog
Uskayaw
Vehumet
Wu Jian
Xom
Yredelemnul

Shops:
D:4 (   D:6 :

Annotations:
Lair:1 1 runed translucent door, Esekla's ghost, journeyman OpDe


Innate Abilities, Weirdness & Mutations

You are immune to poison.
Your flesh is cold resistant. (rC+)
You are immune to negative energy. (rN+++)
You are immune to unholy pain and torment.
You are vulnerable to heat. (rF-)
You are in touch with the powers of death.
You do not drink.
You have a special connection with the divine. (Faith)


Message History

Confirm with . or Enter, or press ? or * to list all spells.
Flames lash the elephant.
The elephant is burned terribly!
The elephant is lightly wounded.
The elephant closely misses your hell rat.
The elephant trunk-slaps your hell rat but does no damage.
Casting: Scorch (safe; 3% risk of failure)
Confirm with . or Enter, or press ? or * to list all spells.
You don't have enough magic to cast this spell.
You puncture the elephant!
The elephant is heavily wounded.
Your hell rat barely misses the elephant.
You hit the elephant.
The elephant is heavily wounded.
Your hell rat bites the elephant!
You hit the elephant but do no damage.
The elephant is moderately wounded.
The elephant closely misses you.
The elephant trunk-slaps you but does no damage.
The elephant tramples you!
You hold your ground!
The elephant trunk-slaps you.
You hit the elephant but do no damage.
The elephant is moderately wounded.
The elephant tramples you!
* * * LOW HITPOINT WARNING * * *
You hold your ground!
The elephant closely misses you.
Your hell rat bites the elephant but does no damage.
You puncture the elephant!
The elephant is lightly wounded.
The elephant tramples your hell rat!
Your hell rat stumbles backwards!
The elephant misses you. x2; Your hell rat bites the elephant.
The elephant closely misses you. The elephant completely misses you.
You thump the elephant!
The elephant is moderately wounded.
Your hell rat completely misses the elephant.
The elephant tramples your hell rat!
Your hell rat stumbles backwards!
Your hell rat dies!
The elephant tramples you!
* * * LOW HITPOINT WARNING * * *
You stumble backwards!
The elephant tramples you!
You die...
Kikubaaqudgha rasps: "You have failed me!
Welcome... oblivion!"

......# ......# . #
##.....# .. #.+#
......#...
.....+......... .#
.....#....#.... ..
........Y..#.... ...
#.@........ ... ###
#YYY..P#.#P. .F.#
......#.########.###...#
......#.8.##......§....#
.....#.....#......<.....
.....#8.<.8#...........(
.... #.....#....Y....?..
.... ##...##.......F....
..+###............


You could see 4 elephants.

Vanquished Creatures
  A necromancer (Gauntlet)
  3 elephants
  4 cane toads (Lair:1)
  A black mamba (Lair:1)
  2 komodo dragons (Lair:1)
  A rime drake (Lair:1)
  A troll (D:8)
  2 hornets (Gauntlet)
  3 blink frogs (Lair:1)
  2 centaur simulacra (Gauntlet)
  11 yaks
  3 wyverns
  A wraith (D:10)
  A basilisk (D:8)
  A steam dragon (D:9)
  Menkaure (D:5)
  A harpy simulacrum (Gauntlet)
  2 wargs (D:8)
  3 acid dragons
  2 water moccasins
  3 orc warriors
  4 ice beasts
  2 sky beasts (D:7)
  4 black bears
  9 wolves
  A centaur (D:6)
  3 kobold brigands
  6 bullfrogs
  A necrophage (D:6)
  2 scorpions
  9 wights
  9 killer bees
  2 howler monkeys
  3 jellies
  4 hounds
  2 orc priests (D:10)
  3 gnoll boudas
  12 orc wizards
  5 iguanas
  Ijyb (D:5)
  6 hell rats (D:6)
  Robin (D:4)
  19 gnolls
  18 river rats (D:6)
  7 adders
  A shadow imp (D:5)
  A white imp (D:5)
  2 worms
  5 dart slugs
  27 orcs
  9 ball pythons
  11 endoplasms
  3 giant cockroaches (D:1)
  15 goblins
  8 hobgoblins
  11 jackals
  20 kobolds
  5 quokkas
  7 bats
  4 frilled lizards (D:3)
  9 rats
320 creatures vanquished.

Vanquished Creatures (collateral kills)
  A komodo dragon (Lair:1)
  A hornet (Gauntlet)
  A yak (Lair:1)
  An orc wizard (D:7)
4 creatures vanquished.

Vanquished Creatures (others)
  A quokka (D:9)
  22 foxfires (Lair:1)
  3 fungi
  19 plants
  34 withered plants
79 creatures vanquished.

Grand Total: 403 creatures vanquished

Notes
Turn   | Place    | Note
-------+----------+-------------------------------------------
     0 | D:1      | Ceno the Mummy Cinder Acolyte began the quest for the Orb.
     0 | D:1      | Reached XP level 1. HP: 18/18 MP: 2/2
     2 | D:1      | Found a runed translucent door.
   135 | D:1      | Reached XP level 2. HP: 24/24 MP: 4/4
   145 | D:1      | Learned a level 2 spell: Scorch
   679 | D:1      | Found a faded altar of an unknown god.
   797 | D:1      | Reached skill level 1 in Stealth
   797 | D:1      | Gained mutation: You are in touch with the powers of death.
                  | [Mummy growth]
   797 | D:1      | Reached XP level 3. HP: 29/29 MP: 1/6
  1726 | D:2      | Reached XP level 4. HP: 35/35 MP: 4/7
  3436 | D:3      | Found an opulent altar of Gozag.
  3632 | D:3      | Reached XP level 5. HP: 41/41 MP: 0/9
  4519 | D:4      | Found a sparkling altar of Nemelex Xobeh.
  4564 | D:4      | Found Heomp's Weapon Shop.
  4670 | D:4      | Noticed Robin
  4683 | D:4      | Killed Robin
  4805 | D:4      | Reached XP level 6. HP: 47/47 MP: 6/11
  5204 | D:4      | Found a shimmering altar of Xom.
  5730 | D:5      | Entered Level 5 of the Dungeon
  5735 | D:5      | Reached skill level 5 in Fire Magic
  5830 | D:5      | Found a stormy altar of Qazlal.
  5832 | D:5      | Noticed an air elemental
  5833 | D:5      | Noticed a fire elemental
  5833 | D:5      | Noticed a water elemental
  5848 | D:5      | Reached XP level 7. HP: 37/52 MP: 8/13
  6070 | D:5      | Noticed Ijyb
  6077 | D:5      | Killed Ijyb
  6559 | D:5      | Reached skill level 4 in Fighting
  6646 | D:5      | Noticed Menkaure
  6661 | D:5      | Killed Menkaure
  6795 | D:5      | Reached XP level 8. HP: 61/61 MP: 4/14
  7466 | D:6      | Reached skill level 5 in Maces & Flails
  7596 | D:6      | Reached skill level 5 in Fighting
  7846 | D:6      | Reached skill level 1 in Armour
  7866 | D:6      | Reached skill level 1 in Dodging
  8169 | D:6      | Found the +2 ratskin cloak {*Rats rPois rN+ Str-1 Int-1
                  | Dex+1}
  8619 | D:6      | Found a staircase to the Ecumenical Temple.
  8635 | D:6      | Found Janiam's Self-Improvement Boutique.
  8669 | D:6      | Found a sacrificial altar of Ru.
  8850 | D:6      | Reached XP level 9. HP: 69/69 MP: 12/15
  9078 | Temple   | Entered the Ecumenical Temple
  9364 | D:7      | Found a shimmering blue altar of Sif Muna.
  9387 | D:7      | Reached skill level 6 in Fighting
 10213 | D:7      | Found a radiant altar of Vehumet.
 10214 | D:7      | Found a shadowy altar of Dithmenos.
 10378 | D:7      | Found a bloodstained altar of Trog.
 11188 | D:8      | Reached skill level 7 in Fighting
 11335 | D:8      | Found a staircase to the Lair.
 11546 | D:8      | Reached XP level 10. HP: 78/79 MP: 0/16
 12605 | D:9      | Found a burning altar of Makhleb.
 12974 | D:10     | Entered Level 10 of the Dungeon
 13122 | D:10     | Reached skill level 5 in Armour
 13236 | D:10     | Found a hide-covered altar of Uskayaw.
 13243 | D:10     | Reached skill level 5 in Dodging
 13322 | D:10     | Found an ornate altar of the Wu Jian Council.
 13446 | D:10     | Found a staircase to the Orcish Mines.
 13478 | D:10     | Reached skill level 8 in Fighting
 14127 | Lair:1   | Entered Level 1 of the Lair of Beasts
 14303 | Lair:1   | Found a gate leading to a gauntlet.
 14311 | Gauntlet | Entered a Gauntlet
 14311 | Gauntlet | Found a transporter.
 14323 | Gauntlet | Found a transporter.
 14336 | Gauntlet | Found a transporter.
 14338 | Gauntlet | Found a large runed translucent door.
 14339 | Gauntlet | Found a large runed translucent door.
 14340 | Gauntlet | Found a large runed translucent door.
 14340 | Gauntlet | Found a large runed translucent door.
 14340 | Gauntlet | Found a runed translucent door.
 14341 | Gauntlet | Found a transporter.
 14342 | Gauntlet | Found a runed translucent door.
 14343 | Gauntlet | Found a large runed translucent door.
 14343 | Gauntlet | Found a large runed translucent door.
 14344 | Gauntlet | Found a large runed translucent door.
 14345 | Gauntlet | Found a large runed translucent door.
 14351 | Gauntlet | Found a large runed translucent door.
 14351 | Gauntlet | Found a large runed translucent door.
 14352 | Gauntlet | Found a large runed translucent door.
 14352 | Gauntlet | Found a large runed translucent door.
 14353 | Gauntlet | Found a large runed translucent door.
 14353 | Gauntlet | Found a large runed translucent door.
 14354 | Gauntlet | Found a runed translucent gate.
 14354 | Gauntlet | Found a runed translucent gate.
 14354 | Gauntlet | Found a runed translucent gate.
 14356 | Gauntlet | Found a transporter.
 14363 | Gauntlet | Noticed a fire crab
 14366 | Gauntlet | Found a large runed translucent door.
 14367 | Gauntlet | Found a large runed translucent door.
 14375 | Gauntlet | Found a transporter.
 14387 | Gauntlet | Found a transporter.
 14399 | Gauntlet | Found a transporter.
 14408 | Gauntlet | Found a transporter.
 14423 | Gauntlet | Found a transporter.
 14423 | Gauntlet | Noticed a hell hog
 14428 | Gauntlet | Found a transporter.
 14430 | Gauntlet | Found a transporter.
 14475 | Gauntlet | Found a transporter.
 14476 | Gauntlet | Noticed a torpor snail
 14480 | Gauntlet | Noticed an elephant
 14487 | Gauntlet | Noticed an elephant
 14492 | Gauntlet | Noticed an elephant
 14495 | Gauntlet | Noticed an elephant
 14495 | Gauntlet | Noticed a necromancer
 14498 | Gauntlet | Noticed an elephant
 14502 | Gauntlet | Found a transporter.
 14522 | Gauntlet | Found a transporter.
 14600 | Gauntlet | Found a transporter.
 14622 | Gauntlet | Found a transporter.
 14767 | Gauntlet | Found a transporter.
 14784 | Gauntlet | Killed a necromancer
 14793 | Gauntlet | Reached XP level 11. HP: 63/87 MP: 17/17
 15178 | Gauntlet | Identified the +1 helmet "Yna Nymm" {Int+3 SInv}
 15225 | Gauntlet | Noticed a minotaur
 15225 | Gauntlet | Found the +8 demon trident "Rift" {distort, reach+}
 15647 | Lair:1   | Found a runed translucent door.
 15648 | Lair:1   | Noticed Esekla's ghost (journeyman OpDe)
 15762 | Lair:1   | Reached skill level 9 in Fighting
 17411 | Temple   | Fell from the grace of Ignis
 17411 | Temple   | Became a worshipper of Kikubaaqudgha
 18568 | Lair:2   | Slain by an elephant

Illustrated notes

Levels and vault maps discovered:
D:1:      dpeg_arrival_caged_fury, layout_loops_ring,
          shapermc_ecumenical_altar_flowoftime, chequers_serial_rivers_small_b,
          minmay_box_of_dots
D:2:      layout_loops_corners, kennysheep_cross_bottleneck
D:3:      layout_loops_ring, grunt_gozag_statues, minmay_quadrilaterals
D:4:      layout_loops_ring, xom_teletrap_fun, general_overflow_altar,
          serial_shops, nicolae_diamond_shop, kennysheep_flooded_box, uniq_robin
D:5:      layout_loops_ring, nicolae_qazlal_style_of_elements,
          corexii_corridor_pit, kennysheep_cross_room, uniq_ijyb, uniq_menkaure
D:6:      wander_guarded_unrand_ratskin, layout_loops_cross,
          mainiacjoe_overflow_small_starburst, kennysheep_mini,
          minmay_temple_entry_statues, nicolae_shop_self_help
D:7:      layout_loops_ring, nicolae_sif_muna_condensation,
          chequers_temple_overflow_statue_of_worship
D:8:      layout_rooms, erik_lair_orcish_takeover
D:9:      layout_cave_pools, mainiacjoe_overflow_surrounded_room,
          elyvilon_altar_4
D:10:     layout_roguey, nicolae_uskayaw_murder_on_the_dancefloor,
          pdpol_wu_jian_five_deadly_venoms, minmay_orc_entry_temple_small
Temple:   hellmonk_temple_rainy
Lair:1:   layout_layer_cave, gammafunk_ghost_grave, gauntlet_entry_generic,
          grunt_megastairs_4, lemuel_fruit_tree
Lair:2:   layout_regular_city, chequers_serial_rivers_large_b,
          grunt_megastairs_2

Skill      XL: |  1  2  3  4  5  6  7  8  9 10 11 |
---------------+----------------------------------+-----
Spellcasting   | 2 3 4 |  4.4
Stealth        | 1 2 3 |  3.0
Fire Magic     | 3 4 5 |  5.0
Maces & Flails | 4 5 6 7 8 |  8.9
Fighting       | 4 5 7 8 9 |  9.8
Armour         | 2 4 5 7 |  7.0
Dodging        | 2 4 5 7 |  7.0

Action                     |  1- 3 |  4- 6 |  7- 9 | 10-12 || total
---------------------------+-------+-------+-------+-------++-------
  Melee: Mace              |    75 |    31 |       |       ||   106
         Flail             |       |    73 |    19 |       ||    92
         Punch             |       |     1 |       |       ||     1
         Dire flail        |       |       |   124 |   215 ||   339
  Throw: Stone             |     3 |    17 |    17 |    16 ||    53
         Dart              |       |       |     2 |       ||     2
   Cast: Scorch            |    22 |    74 |   190 |   210 ||   496
 Invoke: Fiery Armour      |       |     1 |     3 |     7 ||    11
         Foxfire Swarm     |       |       |       |     1 ||     1
    Use: Scroll            |       |     6 |     5 |     2 ||    13
   Stab: Sleeping          |       |       |     1 |     1 ||     2
         Distracted        |       |       |       |     1 ||     1
 Armour: Robe              |    11 |    48 |    66 |     4 ||   129
         Acid dragon scale |       |       |       |   198 ||   198
  Dodge: Dodged            |    33 |    78 |   121 |   251 ||   483

Table legend: (Time is in decaauts)
 A = Elapsed time spent in this place.
 B = Non-inter-level travel time spent in this place.
 C = Inter-level travel time spent in this place.
 D = Time resting spent in this place.
 E = Time spent auto-exploring this place.
 F = Levels seen in this place.
 G = Mean time per level.
                   A        B        C        D        E       F      G
               +--------+--------+--------+--------+--------+-----+--------+
         Total |  18630 |  17828 |    802 |   3996 |  10026 |  14 | 1330.7 |
       Dungeon |  14723 |  14047 |    676 |   2878 |   8255 |  10 | 1472.3 |
        Temple |     45 |     14 |     31 |      0 |      9 |   1 |   45.0 |
          Lair |   2934 |   2840 |     94 |    843 |   1464 |   2 | 1467.0 |
      Gauntlet |    926 |    926 |      0 |    275 |    298 |   1 |  926.0 |
               +--------+--------+--------+--------+--------+-----+--------+

Top non-repeatable levels by time:
  Lair:1: 2886 daAuts
     D:6: 2180 daAuts
     D:8: 1655 daAuts
     D:3: 1555 daAuts
     D:1: 1499 daAuts
     D:2: 1487 daAuts
     D:7: 1484 daAuts
     D:5: 1454 daAuts
     D:4: 1261 daAuts
     D:9: 1088 daAuts
    D:10: 1056 daAuts
Gauntlet: 926 daAuts
  Lair:2: 48 daAuts
  Temple: 45 daAuts
